 Dungeon Crawl Stone Soup version 0.29-a0-474-gdfe5cd140f (webtiles) character file.

Game seed: 14959606757766639828

491 siradein the Skirmisher (level 6, -7/52 HPs)
             Began as a Demonspawn Fighter on May 24, 2022.
             Killed from afar by Maggie (12 damage)
             ... with a bolt of fire
             ... on level 7 of the Dungeon.
             The game lasted 00:14:00 (4212 turns).

siradein the Skirmisher (Demonspawn Fighter)        Turns: 4212, Time: 00:14:01

Health: -7/52      AC: 14    Str: 16    XL:     6   Next: 91%
Magic:  6/6        EV:  8    Int: 14    God:
Gold:   544        SH:  4    Dex: 13    Spells: 5/5 levels left

rFire   . . .      SeeInvis .   a - +0 flail
rCold   . . .      Faith    .   c - +0 buckler
rNeg    . . .      Spirit   .   b - +0 scale mail
rPois   .          Reflect  .   w - +1 helmet {Int+3}
rElec   .          Harm     .   (no cloak)
rCorr   .          Rampage  .   (no gloves)
Will    +....                   (no boots)
Stlth   ..........              (no amulet)
HPRegen 0.17/turn               u - ring of willpower
MPRegen 0.20/turn               x - +4 ring of protection

@: mighty, mesmerised
A: yellow scales 1, magic regeneration, talons 1
a: no special abilities


You were on level 7 of the Dungeon.
You visited 1 branch of the dungeon, and saw 5 of its levels.

You collected 1304 gold pieces.
You spent 760 gold pieces at shops.

Inventory:

Hand Weapons
 a - a +0 flail (weapon)
Missiles
 o - 9 poisoned darts (quivered)
 v - a throwing net
Armour
 b - a +0 scale mail (worn)
 c - a +0 buckler (worn)
 w - a +1 helmet of intelligence (worn)
Jewellery
 j - a ring of see invisible
 u - a ring of willpower (left hand)
 x - a +4 ring of protection (right hand)
Scrolls
 e - 5 scrolls of teleportation
 g - 2 scrolls of acquirement
 k - 2 scrolls of immolation
 n - a scroll of amnesia {unknown}
 q - 2 scrolls of fog
 r - 2 scrolls of vulnerability {unknown}
 s - a scroll of fear {unknown}
 t - 2 scrolls of identify
Potions
 f - 4 potions of mutation
 h - a potion of brilliance
 i - 2 potions of magic {unknown}
 l - a potion of curing
 m - a potion of lignification {unknown}
 p - 2 potions of berserk rage {unknown}
 z - a potion of heal wounds


   Skills:
 + Level 5.9 Fighting
 + Level 5.0 Maces & Flails
 - Level 2.6 Armour
 - Level 2.6 Shields


You had 5 spell levels left.
You didn't know any spells.
Your spell library contained the following spells:

 Spells                   Type           Power      Damage    Failure   Level
 Call Canine Familiar     Summ           0%         N/A       99%         3
 Gell's Gravitas          Tloc           0%         N/A       99%         3
 Ignite Poison            Fire/Tmut/Pois 0%         N/A       99%         3
 Mephitic Cloud           Conj/Pois/Air  0%         N/A       99%         3
 Portal Projectile        Hex/Tloc       0%         N/A       99%         3
 Teleport Other           Tloc           0%         N/A       99%         3
 Leda's Liquefaction      Hex/Erth       0%         N/A       100%        4
 Freezing Cloud           Conj/Ice/Air   0%         6-21      100%        5
 Dispersal                Tloc           0%         N/A       100%        6


Dungeon Overview and Level Annotations

Branches:
Dungeon (4/15)
 Temple: D:4-7

Altars:

Shops:
D:3 *

Annotations:
D:4 1 runed translucent door, Crazy Yiuf
D:7 Maggie


Innate Abilities, Weirdness & Mutations

You are partially covered in yellow scales. (AC +2)
You regenerate magic rapidly.
You have sharp toenails.


Message History

You see here an iguana corpse.
You completely miss Maggie. You claw Maggie.
Maggie is lightly wounded.
Maggie hits you with a +0 long sword!
You hit Maggie but do no damage. You claw Maggie.
Maggie is lightly wounded.
Maggie hits you with a +0 long sword. x2
You closely miss Maggie. Your kick misses Maggie.
Maggie is lightly wounded.
Maggie hits you with a +0 long sword.
You sock Maggie! Your kick misses Maggie.
Maggie is moderately wounded.
Maggie hits you but does no damage.
You hit Maggie but do no damage.
Maggie is moderately wounded.
Maggie mumbles some strange words.
Maggie draws you further into her thrall.
You sock Maggie! Your kick misses Maggie.
Maggie is heavily wounded.
Maggie hits you but does no damage.
You sock Maggie!
Maggie is heavily wounded.
Maggie hits you with a +0 long sword. x2
You hit Maggie.
Maggie is severely wounded.
Maggie closely misses you.
You barely miss Maggie. Your kick misses Maggie.
Maggie is severely wounded.
Maggie points at you and mumbles some strange words.
The bolt of fire hits you!
* * * LOW HITPOINT WARNING * * *
You barely miss Maggie. You claw Maggie.
Maggie is severely wounded.
Maggie hits you with a +0 long sword.
* * * LOW HITPOINT WARNING * * *
You closely miss Maggie. You claw Maggie!
Maggie is almost dead.
Maggie points at you and mumbles some strange words.
The bolt of fire hits you!
You die...

##.## #######.# #.# #.#
##+## #.# ##...## #.#
##.....## #.# ##.#...#.##
#.# ##.8.8.8.8.##
#.##########...........#
#..))...@@o'...........'
############...........##
##.8.8.8.8.##.
##.#...#.##l.
##l....##..# ##...##..##
##'##..## #....## ######


You could see Maggie (mesmerising) and an orc wizard.

Vanquished Creatures
  An ogre (D:4)
  2 bullfrogs (D:7)
  A hound (D:4)
  Jessica (D:3)
  An iguana (D:7)
  An orc wizard (D:3)
  3 gnolls (D:3)
  3 adders
  A shadow imp (D:7)
  An ufetubus (D:4)
  A worm (D:3)
  2 dart slugs
  13 orcs
  6 endoplasms
  2 giant cockroaches
  4 goblins
  11 hobgoblins
  2 jackals (D:4)
  5 quokkas
  10 ball pythons
  2 bats (D:3)
  2 frilled lizards
  3 kobolds
  6 rats
84 creatures vanquished.

Notes
Turn   | Place    | Note
-------+----------+-------------------------------------------
     0 | D:1      | siradein the Demonspawn Fighter began the quest for the
                  | Orb.
     0 | D:1      | Reached XP level 1. HP: 18/18 MP: 1/1
   153 | D:1      | Gained mutation: You regenerate magic rapidly. [demonic
                  | ancestry]
   153 | D:1      | Reached XP level 2. HP: 24/24 MP: 2/2
   782 | D:2      | Found a faded altar of an unknown god.
  1095 | D:2      | Reached XP level 3. HP: 4/30 MP: 3/3
  1096 | D:2      | Gained mutation: You have sharp toenails. [potion of
                  | mutation]
  2472 | D:3      | Noticed Jessica
  2483 | D:3      | Killed Jessica
  2484 | D:3      | Gained mutation: You are partially covered in yellow
                  | scales. (AC +2) [demonic ancestry]
  2484 | D:3      | Reached XP level 4. HP: 32/37 MP: 4/4
  2665 | D:3      | Found Zitilif's General Store.
  3104 | D:3      | Reached XP level 5. HP: 43/43 MP: 5/5
  3414 | D:3      | Identified 3 scrolls of acquirement
  3414 | D:3      | Acquired 1088 gold pieces
  3429 | D:3      | Bought a +1 helmet of intelligence for 214 gold pieces
  3429 | D:3      | Bought a +4 ring of protection for 468 gold pieces
  3429 | D:3      | Bought a potion of heal wounds for 65 gold pieces
  3429 | D:3      | Bought a potion of degeneration for 13 gold pieces
  3579 | D:4      | Noticed an ogre
  3626 | D:4      | Killed an ogre
  3627 | D:4      | Reached skill level 5 in Fighting
  3627 | D:4      | Reached XP level 6. HP: 51/51 MP: 6/6
  3993 | D:4      | Found a runed translucent door.
  3994 | D:4      | Noticed Crazy Yiuf
  4034 | D:4      | You fall into a shaft and drop 3 floors!
  4175 | D:7      | Noticed Maggie
  4200 | D:7      | Reached skill level 5 in Maces & Flails
  4212 | D:7      | Killed from afar by Maggie

Illustrated notes

Levels and vault maps discovered:
D:1:      lightli_arrival_noodles, layout_basic
D:2:      layout_basic, ebering_ecumenical_altar_petrified
D:3:      minmay_bubble_buster, layout_basic, serial_shops, shop,
          dreamdust_princess_corridor, hangedman_decor_slide_cut, uniq_jessica
D:4:      layout_basic, uniq_crazy_yiuf_cottage
D:7:      layout_loops_ring, lightli_ossuary_entry_decrepit_ruins,
          grunt_ministairs_7, dk_noncrumbling_3, uniq_maggie

Skill      XL: |  1  2  3  4  5  6 |
---------------+-------------------+-----
Maces & Flails | 2 3 4 5 |  5.0
Fighting       | 4 5 |  5.9
Armour         | |  2.6
Shields        | |  2.6

Action                   |  1- 3 |  4- 6 || total
-------------------------+-------+-------++-------
Melee: Flail             |   116 |   132 ||   248
       Kick              |     6 |    27 ||    33
Throw: Dart              |       |     5 ||     5
  Use: Potion            |     2 |     1 ||     3
       Scroll            |       |     6 ||     6
Armor: Scale mail        |    50 |   102 ||   152
Dodge: Dodged            |    41 |    48 ||    89
Block: Buckler           |    29 |    26 ||    55

Table legend: (Time is in decaauts)
 A = Elapsed time spent in this place.
 B = Non-inter-level travel time spent in this place.
 C = Inter-level travel time spent in this place.
 D = Time resting spent in this place.
 E = Time spent auto-exploring this place.
 F = Levels seen in this place.
 G = Mean time per level.
                   A        B        C        D        E       F      G
               +--------+--------+--------+--------+--------+-----+--------+
         Total |   4285 |   4201 |     84 |     85 |   3177 |   5 |  857.0 |
       Dungeon |   4285 |   4201 |     84 |     85 |   3177 |   5 |  857.0 |
               +--------+--------+--------+--------+--------+-----+--------+

Top non-repeatable levels by time:
     D:3: 1499 daAuts
     D:2: 1275 daAuts
     D:1: 742 daAuts
     D:4: 585 daAuts
     D:7: 183 daAuts
